 Dungeon Crawl Stone Soup version 0.22-a0-348-gd16d139 (webtiles) character file.

9 vishdafish the Charmwright (level 2, 21/22 HPs)
             Began as a Demonspawn Skald on Apr 11, 2018.
             Quit the game on level 1 of the Dungeon.
             The game lasted 00:00:25 (607 turns).

vishdafish the Charmwright (Demonspawn Skald)        Turns: 607, Time: 00:00:26

Health: 21/22      AC:  3    Str: 11    XL:     2   Next: 3%
Magic:  5/5        EV: 12    Int: 14    God:
Gold:   8          SH:  0    Dex: 12    Spells: 4/5 levels left

rFire    . . .     SeeInvis .   a - +0 spear
rCold    . . .     Gourm    .   (no shield)
rNeg     . . .     Faith    .   b - +0 leather armour
rPois    .         Spirit   .   (no helmet)
rElec    .         Reflect  .   (no cloak)
rCorr    .         Harm     .   (no gloves)
MR       .....                  (no boots)
Stlth    +.........             (no amulet)
HPRegen  0.07/turn              (no ring)
MPRegen  0.09/turn              (no ring)

@: no status effects
A: powered by pain 1
a: no special abilities


You were on level 1 of the Dungeon.
You were not hungry.

You visited 1 branch of the dungeon, and saw 1 of its levels.

You collected 8 gold pieces.

Inventory:

Hand Weapons
 a - a +0 spear (weapon)
Armour
 b - a +0 leather armour (worn)
Scrolls
 e - a scroll of enchant weapon {unknown}
 g - a scroll of amnesia {unknown}
Potions
 c - 2 potions of heal wounds {unknown}
 f - a potion of haste {unknown}
 h - a potion of might {unknown}
Comestibles
 d - 2 rations


   Skills:
 + Level 2.0 Fighting
 + Level 1.9 Polearms
 + Level 1.0 Armour
 + Level 1.9 Dodging
 + Level 2.0 Spellcasting
 + Level 2.9 Charms


You had 4 spell levels left.
You knew the following spells:

 Your Spells              Type           Power        Failure   Level  Hunger
a - Infusion              Chrm           #...         10%         1    ##.....


Dungeon Overview and Level Annotations

Branches:
Dungeon (1/15)

Altars:


Innate Abilities, Weirdness & Mutations

You sometimes gain a little power by taking damage.


Message History

Aim: a bat (heavily wounded)
You reach to attack!
You barely miss the bat.
The bat is heavily wounded.
The bat hits you but does no damage.
You hit the bat.
The bat is severely wounded.
The bat hits you. The bat closely misses you.
You hit the bat.
You kill the bat!
You have reached level 2!
Your demonic ancestry asserts itself...
You feel energised by your suffering.
You see here a bat corpse.
You enter a teleport trap!
The teleport trap disappears.
Your surroundings suddenly seem different.
There is an open door here.
You see here a bat corpse.
f - an amethyst potion;
g - a scroll labeled TAEMPE ADOCS
h - a fuming amethyst potion Are you sure you want to abandon this character and quit the game? (Confirm with "yes".)

#........#
##.#####
#........# #.#
#........# #.#
#........# #.#
#....†...# ###.#
#........# #.!.#
###.....####...#
#........#...#
####.....#..@# ...
#.....#...# ....
#.....#...# ......
#.....###.# ......
#.....'.#.##......
#.....#.#.........
#.....#.#.........
#.#.#.#.#.........
#
#.#.#.#.#†........
....


There were no monsters in sight!

Vanquished Creatures
  A dart slug (D:1)
  A leopard gecko (D:1)
  A ball python (D:1)
  A bat (D:1)
  2 rats (D:1)
6 creatures vanquished.

Notes
Turn   | Place    | Note
-------+----------+-------------------------------------------
     0 | D:1      | vishdafish the Demonspawn Skald began the quest for the Orb.
     0 | D:1      | Reached XP level 1. HP: 16/16 MP: 3/3
   544 | D:1      | Reached skill level 1 in Armour
   571 | D:1      | Gained mutation: You sometimes gain a little power by taking damage. [demonic ancestry]
   571 | D:1      | Reached XP level 2. HP: 18/22 MP: 5/5
   607 | D:1      | Quit the game

Vault maps used:
D:1:      evilmike_arrival_grusome_pit

Skill      XL: |  1 |
---------------+----+-----
Armour         | 1 |  1.0
Fighting       | |  2.0
Polearms       | |  1.9
Dodging        | |  1.9
Spellcasting   | |  2.0
Charms         | |  2.9

Action                   || total
-------------------------++-------
Melee: Spear             ||    28
 Cast: Infusion          ||     1
Armor: Leather armour    ||     6
Dodge: Dodged            ||    14

Table legend:
 A = Spawn XP
 B = Non-spawn XP
 C = Spawn XP percentage of total XP
 D = Spawn monster count
 E = Non-spawn monster count
 F = Spawn count percentage of total count
 G = Total turns spent on level
                    A         B        C        D         E        F      G
               +---------+---------+-------+---------+---------+-------+---------
         Total |       0 |      13 |   0.0 |       0 |       6 |   0.0 |   607
               +---------+---------+-------+---------+---------+-------+---------
           D:1 |       0 |      13 |   0.0 |       0 |       6 |   0.0 |   607
               +---------+---------+-------+---------+---------+-------+---------
